AoeStats
← danjo

MegaRandom

506139358Analyzed
1v1 RM · 21d ago on Sep 12, 2026· 40m 27s· 2 players
Game mode
Random Map
Map size
Tiny (2 player)
Population
200
Speed
Normal
Resources
Standard
Victory
Conquest
Starting age
Dark Age
Ending age
Imperial Age
RankedLock teamsTeams togetherTeam positionsShared explorationLock speedFull tech treeHidden civsTurbo modeCheats
Victory
Defeat
🇦🇷 Mongols · Argentina
1054
+18
🇩🇪 Malians · Germany
1091
-18
joaco.modon
12:27 Feudal Age
13:02 Double-Bit Axe
18:00 Fletching
18:11 Padded Archer Armor
18:22 Forging
22:34 Castle Age
23:34 Bow Saw
24:39 Gold Mining
26:09 Husbandry
26:20 Bloodlines
27:33 Stone Mining
29:35 Ballistics
31:22 Wheelbarrow
31:32 Bodkin Arrow
37:20 Imperial Age
36:48 Hand Cart
36:19 Town Watch
36:55 Leather Archer Armor
38:37 Bracer
39:58 Chemistry
40:59 Stone Shaft Mining
41:02 Gold Shaft Mining
danjo
14:31 Feudal Age
15:37 Loom
21:02 Castle Age
20:14 Fletching
20:44 Scale Barding Armor
22:45 Chain Barding Armor
25:20 Elite Skirmisher
38:37 Imperial Age
36:44 Bodkin Arrow
37:46 Padded Archer Armor
39:10 Ballistics
Connection lost

Rejoining the realm…

Still unreachable

The connection could not be restored.

Session expired

The server has moved on; the page needs a fresh start.